 Dungeon Crawl Stone Soup version 0.28-a0-1613-gdaab1c2f9b (webtiles) character file.

Game seed: 2952579943308334800

343 murtidash the Magician (level 6, -5/40 HPs)
             Began as a Djinni Hedge Wizard on Jan 22, 2022.
             Killed by divine providence
             ... invoked by an orc priest
              (13 damage)
             ... on level 4 of the Dungeon.
             The game lasted 00:04:48 (4499 turns).

murtidash the Magician (Djinni Hedge Wizard)        Turns: 4499, Time: 00:04:48

Health: -5/40      AC:  4    Str:  8 (9)  XL:     6   Next: 88%
Gold:   165        EV: 12    Int: 15 (17) God:
                   SH:  0    Dex: 12 (13)

rFire   + + .      SeeInvis .   a - +0 dagger
rCold   x . .      Faith    .   (no shield)
rNeg    . . .      Spirit   .   b - +0 robe
rPois   ∞          Reflect  .   t - +1 helmet
rElec   .          Harm     .   (no cloak)
rCorr   +          Rampage  .   (no gloves)
Will    .....                   (boots unavailable)
Stlth   ++........              (no amulet)
HPRegen 0.13/turn               j - ring of resist corrosion
MPRegen 0.00/turn               (no ring)

@: flying
A: sickness immunity, fire resistance 2, cold vulnerability 1, float, innate
caster, hp casting, extra vitality 1
a: no special abilities


You were on level 4 of the Dungeon.
You visited 1 branch of the dungeon, and saw 4 of its levels.

You collected 165 gold pieces.

Inventory:

Hand Weapons
 a - a +0 dagger (weapon)
 p - a +1 dagger of protection
   (You took it off Jessica on level 3 of the Dungeon)
Armour
 b - a +0 robe (worn)
 c - a +0 hat
 t - a +1 helmet (worn)
   (You found it on level 3 of the Dungeon)
Jewellery
 j - a ring of resist corrosion (left hand)
   (You found it on level 1 of the Dungeon)
Scrolls
 d - a scroll of torment {unknown}
 e - a scroll of vulnerability {unknown}
 k - a scroll of noise {unknown}
 l - a scroll of fog {unknown}
 m - 3 scrolls of identify {unknown}
 n - a scroll of immolation {unknown}
 q - 2 scrolls of teleportation {unknown}
 s - a scroll of magic mapping {unknown}
Potions
 g - a potion of attraction {!q}
 h - 2 potions of brilliance {unknown}


   Skills:
 - Level 2.1 Dodging
 - Level 1.5 Stealth
 + Level 5.5 Spellcasting


You had one spell level left.
You knew the following spells:

 Your Spells              Type           Power      Damage    Failure   Level
a - Magic Dart            Conj           80%        1d7       1%          1
b - Blink                 Tloc           40%        N/A       2%          2
c - Call Imp              Summ           20%        N/A       2%          2
s - Slow                  Hex            80%        N/A       1%          1
x - Mephitic Cloud        Conj/Pois/Air  20%        N/A       4%          3
U - Searing Ray           Conj           40%        2d5       2%          2
X - Conjure Flame         Conj/Fire      20%        6-21      4%          3
Z - Shock                 Conj/Air       80%        1d8       1%          1
Your spell library was empty.

Dungeon Overview and Level Annotations

Branches:
Dungeon (4/15)
 Temple: D:4-7

Altars:
Hepliaklqana


Innate Abilities, Weirdness & Mutations

You are immune to sickness and miasma.
You are immune to poison.
Your flesh is very heat resistant. (rF++)
You are vulnerable to cold. (rC-)
You float through the air rather than walking.
You learn spells naturally, not from books.
Your magical power is your life essence.
You have superior vitality. (+4 MHP)


Message History

You take 1 damage, and have 35/40 hp.
Aim: a jackal (100% to hit)
The magic dart hits the jackal.
The jackal bites you but does no damage.
Aim: a jackal (moderately wounded, 100% to hit)
The magic dart hits the jackal.
The jackal bites you but does no damage.
A jackal comes into view.
The jackal barely misses you.
You take 1 damage, and have 34/40 hp.
Aim: a jackal (almost dead, 100% to hit)
The magic dart hits the jackal.
You kill the jackal!
You take 1 damage, and have 33/40 hp.
Aim: a jackal (100% to hit)
The magic dart hits the jackal.
You kill the jackal!
You take 1 damage, and have 32/40 hp.
You can't see any susceptible monsters within range! (Use Z to cast anyway.)
You can't see any susceptible monsters within range! (Use Z to cast anyway.)
A dart slug comes into view.
The dart slug moves out of view.
Health restored: 40
Things that are here:
a +0 ring mail; a +0 vorpal flail
Aim: a dart slug (wandering, hasn't noticed you, 100% to hit)
The magic dart hits the dart slug.
You take 1 damage, and have 39/40 hp.
Aim: a dart slug (heavily wounded, 100% to hit)
The magic dart hits the dart slug.
You kill the dart slug!
You can't see any susceptible monsters within range! (Use Z to cast anyway.)
You can't see any susceptible monsters within range! (Use Z to cast anyway.)
You can't see any susceptible monsters within range! (Use Z to cast anyway.)
You now have 154 gold pieces (gained 4).
h - 2 silvery potions (gained 1)
Found an escape hatch in the floor.
Health restored: 40 You now have 165 gold pieces (gained 11).
d - a scroll labelled BEEKUGO SOIM An orc and an orc wizard come into view.
The orc shouts!
The orc wizard shouts!
You hear a shout! x2
Aim: an orc, wielding a +0 spear (100% to hit)
The magic dart hits the orc.
An orc comes into view. It is wielding a +0 mace.
You take 1 damage, and have 39/40 hp.
Aim: an orc wizard, wielding a +0 dagger and wearing a +0 robe (100% to hit)
The magic dart hits the orc wizard but does no damage.
You take 1 damage, and have 38/40 hp.
Aim: an orc, wielding a +0 spear (heavily wounded, 100% to hit)
The magic dart hits the orc.
You kill the orc!
You take 1 damage, and have 37/40 hp.
Aim: an orc, wielding a +0 mace and wearing a +0 leather armour (100% to hit)
The magic dart hits the orc.
A quokka comes into view.
You take 1 damage, and have 36/40 hp.
Aim: an orc, wielding a +0 mace and wearing a +0 leather armour (lightly wounded, 100% to hit)
The magic dart hits the orc wizard.
The orc wizard casts a spell at you. The magic dart hits you.
You take 6 damage, and have 30/40 hp.
Aim: an orc wizard, wielding a +0 dagger and wearing a +0 robe (lightly wounded, 100% to hit)
The magic dart hits the orc wizard but does no damage.
An orc priest comes into view. It is wielding a +0 mace.
You take 1 damage, and have 29/40 hp.
Aim: an orc wizard, wielding a +0 dagger and wearing a +0 robe (lightly wounded, 100% to hit)
The magic dart hits the orc wizard.
Aim: an orc wizard, wielding a +0 dagger and wearing a +0 robe (moderately wounded, 100% to hit)
The magic dart hits the orc wizard.
You take 1 damage, and have 28/40 hp.
Aim: an orc wizard, wielding a +0 dagger and wearing a +0 robe (severely wounded, 100% to hit)
The magic dart hits the orc wizard.
The orc wizard gestures at you while chanting.
The magic dart hits you!
You take 9 damage, and have 19/40 hp.
MASSIVE DAMAGE!!
Aim: an orc wizard, wielding a +0 dagger and wearing a +0 robe (severely wounded, 100% to hit)
The magic dart hits the orc wizard.
You kill the orc wizard!
You take 1 damage, and have 18/40 hp.
Aim: an orc, wielding a +0 mace and wearing a +0 leather armour (100% to hit)
The magic dart hits the orc!
The orc barely misses you.
You take 1 damage, and have 17/40 hp.
Aim: an orc, wielding a +0 mace and wearing a +0 leather armour (almost dead, 100% to hit)
The magic dart hits the orc but does no damage.
The orc hits you with a +0 mace!
* * * LOW HITPOINT WARNING * * *
You take 8 damage, and have 9/40 hp.
Aim: an orc, wielding a +0 mace and wearing a +0 leather armour (severely wounded, 100% to hit)
The magic dart hits the orc.
You kill the orc!
* * * LOW HITPOINT WARNING * * *
You take 1 damage, and have 8/40 hp.
Aim: a quokka (100% to hit)
The magic dart hits the quokka!
You kill the quokka!
* * * LOW HITPOINT WARNING * * *
The orc priest invokes the aid of Beogh against you.
Beogh smites you!
You die...

. .. .. o#
####).#
#o..r.# #)#
#@# #.# #.#
## #.# .#
#.# .# #.#
.# #.# ##
#########.#
..........#


You could see an orc priest.

Vanquished Creatures
  Edmund (D:4)
  A hound (D:4)
  An orc wizard (D:4)
  7 adders
  A worm (D:3)
  6 dart slugs
  3 orcs
  9 bats
  3 endoplasms
  A giant cockroach (D:2)
  7 goblins
  7 hobgoblins
  5 jackals
  3 quokkas
  6 ball pythons
  3 frilled lizards
  3 kobolds
  3 rats
70 creatures vanquished.

Vanquished Creatures (collateral kills)
  Jessica (D:3)
1 creature vanquished.

Grand Total: 71 creatures vanquished

Notes
Turn   | Place    | Note
-------+----------+-------------------------------------------
     0 | D:1      | murtidash the Djinni Hedge Wizard began the quest for the
                  | Orb.
     0 | D:1      | Reached XP level 1. HP: 15/15 MP: 0/0
   288 | D:1      | Reached XP level 2. HP: 20/21 MP: 0/0
   439 | D:1      | Reached skill level 3 in Spellcasting
  1038 | D:2      | Reached XP level 3. HP: 15/25 MP: 0/0
  1038 | D:2      | Learned a level 1 spell: Shock
  1496 | D:2      | Found a faded altar of an unknown god.
  1533 | D:2      | Reached XP level 4. HP: 26/31 MP: 0/0
  2002 | D:2      | Reached skill level 4 in Spellcasting
  2333 | D:3      | Noticed Jessica
  2355 | D:3      | HP: 4/31 [Jessica (3)]
  2356 | D:3      | Killed Jessica
  2357 | D:3      | Reached XP level 5. HP: 4/35 MP: 0/0
  2357 | D:3      | Learned a level 2 spell: Searing Ray
  3412 | D:3      | Found a hazy altar of Hepliaklqana.
  3958 | D:4      | Noticed Edmund
  3986 | D:4      | HP: 6/35 [Edmund (5)]
  4008 | D:4      | HP: 4/35 [Edmund (10)]
  4013 | D:4      | Killed Edmund
  4014 | D:4      | Reached skill level 5 in Spellcasting
  4014 | D:4      | Reached XP level 6. HP: 6/40 MP: 0/0
  4499 | D:4      | Killed from afar by an orc priest

Illustrated notes

Levels and vault maps discovered:
D:1:      dpeg_arrival_yet_another_circle, layout_rooms, item_on_display_a
D:2:      minmay_wonky_spiral, layout_basic, nicolae_ecumenical_snake_handling
D:3:      kennysheep_six_static_rooms, layout_loops_ring,
          nicolae_hepliaklqana_hippocampus, minmay_misc_feat_rows,
          kennysheep_jessica_study
D:4:      layout_loops_ring, minmay_temple_entry_arrows, uniq_pikel,
          uniq_crazy_yiuf_cottage, uniq_edmund

Skill      XL: |  1  2  3  4  5 |
---------------+----------------+-----
Spellcasting   | 3 4 5 |  5.5
Dodging        | |  2.1
Stealth        | |  1.5

Action                   |  1- 3 |  4- 6 || total
-------------------------+-------+-------++-------
Melee: Dagger            |       |    25 ||    25
       Punch             |       |     1 ||     1
 Cast: Magic Dart        |    66 |   140 ||   206
       Mephitic Cloud    |       |     8 ||     8
       Call Imp          |       |     1 ||     1
  Use: Potion            |       |     6 ||     6
 Stab: Confused          |       |     3 ||     3
       Invisible         |       |     2 ||     2
Armor: Robe              |     2 |    17 ||    19
Dodge: Dodged            |     5 |    60 ||    65

Table legend: (Time is in decaauts)
 A = Elapsed time spent in this place.
 B = Non-inter-level travel time spent in this place.
 C = Inter-level travel time spent in this place.
 D = Time resting spent in this place.
 E = Time spent auto-exploring this place.
 F = Levels seen in this place.
 G = Mean time per level.
                   A        B        C        D        E       F      G
               +--------+--------+--------+--------+--------+-----+--------+
         Total |   4498 |   4369 |    129 |     46 |   3918 |   4 | 1124.5 |
       Dungeon |   4498 |   4369 |    129 |     46 |   3918 |   4 | 1124.5 |
               +--------+--------+--------+--------+--------+-----+--------+

Top non-repeatable levels by time:
     D:3: 1972 daAuts
     D:2: 1173 daAuts
     D:1: 1007 daAuts
     D:4: 345 daAuts

Table legend:
 A = Kills in this place as a percentage of kills in entire the game.
 B = Kills by you in this place as a percentage of kills by you in the entire game.
 C = Kills by friends in this place as a percentage of kills by friends in the entire game.
 D = Other kills in this place as a percentage of other kills in the entire game.
 E = Experience gained in this place as a percentage of experience gained in the entire game.
 F = Experience gained in this place divided by the number of levels of this place that you have seen.
                   A       B       C       D       E      F
               +-------+-------+-------+-------+-------+----------------------
         Total | 100.0 | 100.0 | 100.0 |   N/A | 100.0 | 123.0
       Dungeon | 100.0 | 100.0 | 100.0 |   N/A | 100.0 | 123.0
               +-------+-------+-------+-------+-------+----------------------
